 Dungeon Crawl Stone Soup version 0.31-a0-971-g75a2e9a (webtiles) character file.

Game seed: 2068321086639126731

833 TemporaryHome the Firebug (level 7, -6/63 HPs)
             Began as an Ogre Fire Elementalist on Oct 28, 2023.
             Mangled by an orc warrior
             ... wielding a +0 long sword
              (10 damage)
             ... on level 4 of the Dungeon.
             The game lasted 00:14:06 (5053 turns).

TemporaryHome the Firebug (Ogre Fire Elementalist)  Turns: 5053, Time: 00:14:07

Health: -6/63      AC:  3    Str: 13    XL:     7   Next: 98%
Magic:  7/11       EV: 10    Int: 18    God:
Gold:   221        SH:  0    Dex:  9    Spells: 9/12 levels left

rFire   + . .        e - +2 hand axe (freeze)
rCold   + . .        (no shield)
rNeg    + . .        a - +0 robe
rPois   .            (helmet restricted)
rElec   .            i - scarf {rC+ rF+}
rCorr   .            (gloves unavailable)
SInv    .            (boots unavailable)
Will    .....        (no amulet)
Stlth   ++           k - ring of positive energy
HPRegen 0.30/turn    (no ring)
MPRegen 0.12/turn

%: no passive effects
@: no status effects
A: large, unfitting armour, tough skin 1
a: no special abilities


You were on level 4 of the Dungeon.
You visited 1 branch of the dungeon, and saw 4 of its levels.

You collected 221 gold pieces.

Inventory:

Hand Weapons
 e - a +2 hand axe of freezing (weapon)
Armour
 a - a +0 robe (worn)
 i - a scarf of resistance (worn)
Magical Staves
 l - a staff of cold
Jewellery
 k - a ring of positive energy (left hand)
Scrolls
 c - a scroll of identify {unknown}
 f - 2 scrolls of teleportation {unknown}
 h - a scroll of poison {unknown}
 m - a scroll of fear {unknown}
 o - a scroll of enchant armour {unknown}
 p - a scroll of fog {unknown}
Potions
 d - 3 potions of curing {unknown}
 g - 3 potions of enlightenment {unknown}
 j - a potion of degeneration {unknown}
 n - 2 potions of invisibility {unknown}


   Skills:
 + Level 1.7 Fighting
 * Level 3.6 Axes
 - Level 2.0 Dodging
 - Level 2.0 Stealth
 - Level 3.0 Spellcasting
 + Level 3.9 Conjurations
 + Level 5.8 Fire Magic


You had 9 spell levels left.
You knew the following spells:

 Your Spells              Type           Power      Damage    Failure   Level
a - Foxfire               Conj/Fire      80%        2x1d8     2%          1
b - Scorch                Fire           46%        2d6       2%          2

Your spell library contained the following spells:

 Spells                   Type           Power      Damage    Failure   Level
 Inner Flame              Hex/Fire       13%        N/A       16%         3
 Volatile Blastmotes      Fire/Tloc      26%        2d12      16%         3
 Flame Wave               Conj/Fire      20%        2d7       22%         4
 Poisonous Vapours        Pois/Air       4%         N/A       24%         2
 Mephitic Cloud           Conj/Pois/Air  7%         N/A       28%         3
 Frozen Ramparts          Ice            4%         1d1       43%         3
 Petrify                  Tmut/Erth      2%         N/A       85%         4
 Freezing Cloud           Conj/Ice/Air   3%         6-21      95%         5
 Metabolic Englaciation   Hex/Ice        1%         N/A       99%         5


Dungeon Overview and Level Annotations

Branches:
Dungeon (4/15)
 Temple: D:4-7

Altars:
Gozag


Innate Abilities, Weirdness & Mutations

You are too large for most types of armour.
You have tough skin. (AC +1)


Message History

Flames lash the steam dragon.
The steam dragon is burned terribly!
You kill the steam dragon!
The steam dragon scales are intact enough to wear.
The foxfire hits the orc warrior but does no damage.
The foxfire hits the orc warrior.
The orc warrior is lightly wounded.
The foxfire hits the orc warrior but does no damage.
The orc warrior is lightly wounded.
The orc warrior hits you with a +0 long sword!
The quokka closely misses you.
Casting: Scorch (safe; 2% risk of failure)
Confirm with . or Enter, or press ? or * to list all spells.
You don't have enough magic to cast this spell.
Casting: Scorch (safe; 2% risk of failure)
Confirm with . or Enter, or press ? or * to list all spells.
You don't have enough magic to cast this spell.
Unknown command.
You closely miss the quokka.
You hit the orc warrior but do no damage.
The orc warrior hits you with a +0 long sword!
The quokka bites you but does no damage.
You hit the quokka but do no damage. You barely miss the orc warrior.
The orc warrior hits you with a +0 long sword!
* * * LOW HITPOINT WARNING * * *
The quokka bites you but does no damage.
Magic courses through your body. The quokka bites you.
* * * LOW HITPOINT WARNING * * *
The orc warrior hits you with a +0 long sword!
* * * LOW HITPOINT WARNING * * *
Casting: Scorch (safe; 2% risk of failure)
Confirm with . or Enter, or press ? or * to list all spells.
Flames lash the quokka.
You kill the quokka!
The orc warrior hits you with a +0 long sword.
* * * LOW HITPOINT WARNING * * *
Casting: Scorch (safe; 2% risk of failure)
Confirm with . or Enter, or press ? or * to list all spells.
Flames lash the orc warrior but do no damage.
The orc warrior hits you with a +0 long sword!
You die...

#.####......#
#.........### ..#
#........##.# ..#
#...†....'..# ..#
#........##.# ..#
#.....†...### D.#
#.#######...#### §.#
. #.####
#)#....##†##....
#.)..#
#[##..@[........
####.#
#.##...o........
#####.#
#[##############
#....)####.........#
#.##.....#..######.#
#........'..# #.#
#####....)##.# #.#
#..^......##.# #.#
#.........##.# #.#


You could see an orc warrior.

Vanquished Creatures
  Sigmund (D:2)
  A steam dragon (D:4)
  4 wights
  2 hounds (D:4)
  A jelly (D:4)
  An orc priest (D:4)
  Jessica (D:3)
  2 orc wizards (D:4)
  A gnoll (D:1)
  6 adders
  2 worms
  4 dart slugs
  8 orcs (D:4)
  7 ball pythons
  3 endoplasms (D:1)
  2 giant cockroaches (D:1)
  7 hobgoblins
  5 quokkas
  9 bats
  6 goblins
  3 kobolds
  8 rats
84 creatures vanquished.

Vanquished Creatures (others)
  A ball python (D:4)
  385 foxfires
386 creatures vanquished.

Grand Total: 470 creatures vanquished

Notes
Turn   | Place    | Note
-------+----------+-------------------------------------------
     0 | D:1      | TemporaryHome the Ogre Fire Elementalist began the quest
                  | for the Orb.
     0 | D:1      | Reached XP level 1. HP: 16/16 MP: 3/3
   196 | D:1      | Reached XP level 2. HP: 24/24 MP: 1/5
   863 | D:1      | Reached skill level 1 in Conjurations
   863 | D:1      | Reached skill level 3 in Fire Magic
   863 | D:1      | Reached XP level 3. HP: 31/31 MP: 4/7
  1228 | D:2      | Noticed Sigmund
  1236 | D:2      | Killed Sigmund
  1237 | D:2      | Reached skill level 4 in Fire Magic
  1237 | D:2      | Reached XP level 4. HP: 40/40 MP: 0/8
  1237 | D:2      | Reached XP level 5. HP: 46/46 MP: 0/9
  1978 | D:2      | Reached XP level 6. HP: 54/54 MP: 8/10
  2170 | D:2      | Learned a level 2 spell: Scorch
  2753 | D:3      | Noticed Jessica
  2759 | D:3      | Killed Jessica
  3808 | D:3      | Reached XP level 7. HP: 15/60 MP: 2/11
  4012 | D:4      | Found an opulent altar of Gozag.
  4026 | D:4      | Reached skill level 1 in Fighting
  4120 | D:4      | Reached skill level 5 in Fire Magic
  5034 | D:4      | Noticed a steam dragon
  5048 | D:4      | Killed a steam dragon
  5053 | D:4      | Mangled by an orc warrior

Illustrated notes

Levels and vault maps discovered:
D:1:      saegor_arrival_simple_a, layout_basic, minmay_distorted
D:2:      layout_basic, minivault_23, minmay_misc_feat_rugged,
          grunt_decor_one_mirror, uniq_sigmund
D:3:      layout_basic, uniq_jessica
D:4:      layout_basic, amcnicky_altar_gilded, minmay_divided_ellipse

Skill      XL: |  1  2  3  4  5  6  7 |
---------------+----------------------+-----
Dodging        | 2 |  2.0
Conjurations   | 1 2 3 |  3.9
Fire Magic     | 3 4 5 |  5.8
Spellcasting   | 3 |  3.0
Axes           | 2 3 |  3.6
Stealth        | 2 |  2.0
Fighting       | 1 |  1.7

Action                     |  1- 3 |  4- 6 |  7- 9 || total
---------------------------+-------+-------+-------++-------
  Melee: Hand axe          |     3 |    13 |    19 ||    35
   Cast: Foxfire           |    68 |   110 |    52 ||   230
         Scorch            |       |     7 |    15 ||    22
    Use: Potion            |       |       |     1 ||     1
   Stab: Sleeping          |     1 |     1 |       ||     2
 Armour: Robe              |     3 |    23 |    34 ||    60
  Dodge: Dodged            |     2 |    19 |    15 ||    36

Table legend: (Time is in decaauts)
 A = Elapsed time spent in this place.
 B = Non-inter-level travel time spent in this place.
 C = Inter-level travel time spent in this place.
 D = Time resting spent in this place.
 E = Time spent auto-exploring this place.
 F = Levels seen in this place.
 G = Mean time per level.
                   A        B        C        D        E       F      G
               +--------+--------+--------+--------+--------+-----+--------+
         Total |   5061 |   5042 |     19 |    461 |   3970 |   4 | 1265.2 |
       Dungeon |   5061 |   5042 |     19 |    461 |   3970 |   4 | 1265.2 |
               +--------+--------+--------+--------+--------+-----+--------+

Top non-repeatable levels by time:
     D:3: 1611 daAuts
     D:2: 1376 daAuts
     D:4: 1047 daAuts
     D:1: 1026 daAuts
